 Dungeon Crawl Stone Soup version 0.32-a0-673-g3729bd50f8 (webtiles) character file.

Game seed: 16464246349633908460

3 ezpacito the Chopper (level 1, 0/18 HPs)
             Began as a Coglin Chaos Knight on Mar 10, 2024.
             Was a Plaything of Xom.
             Slain by a gnoll
             ... wielding a +1 flail of protection
              (9 damage)
             ... on level 1 of the Dungeon.
             The game lasted 00:00:20 (77 turns).

ezpacito the Chopper (Coglin Chaos Knight)            Turns: 77, Time: 00:00:20

Health: 0/18       AC:  5    Str: 12    XL:     1   Next: 50%
Magic:  1/1        EV: 11    Int: 11    God:    Xom [..*...]
Gold:   14         SH:  0    Dex: 13    Spells: 0/0 levels left

rFire   . . .        a - +0 hand axe (chaos) {Francisca}
rCold   . . .        d - +0 dagger {Walburga}
rNeg    . . .        b - +2 leather armour
rPois   .            (no helmet)
rElec   .            (no cloak)
rCorr   .            (no gloves)
SInv    .            (no boots)
Will    .....        (amulet unavailable)
Stlth   +            (ring unavailable)
HPRegen 0.23/turn    (ring unavailable)
MPRegen 0.07/turn    (no gizmo)

%: no passive effects
@: revved
A: off-hand wielding, slow wielding, warmup strikes, no jewellery
a: Invent Gizmo, Renounce Religion


You were on level 1 of the Dungeon.
You worshipped Xom.
You were a toy of Xom.
You visited 1 branch of the dungeon, and saw 1 of its levels.

You collected 14 gold pieces.

Inventory:

Hand Weapons
 a - a +0 hand axe of chaos (weapon) {Francisca}
 d - a +0 dagger (offhand) {Walburga}
Armour
 b - a +2 leather armour (worn)
Scrolls
 c - a scroll of butterflies


   Skills:
 * Level 3.0 Fighting
 * Level 3.0 Axes
 + Level 0.0(1.5) Polearms
 * Level 1.9 Armour
 * Level 0.9 Dodging
 + Level 0.1 Stealth
 + Level 0.0 Spellcasting


You couldn't memorise any spells.
You didn't know any spells.
Your spell library contained the following spells:

 Spells                   Type           Power      Damage    Failure   Level
 Magic Dart               Conj           0%         1d3       41%         1
 Blink                    Tloc           0%         N/A       56%         2
 Call Imp                 Summ           0%         N/A       56%         2


Dungeon Overview and Level Annotations

Branches:
Dungeon (1/15)

Altars:


Innate Abilities, Weirdness & Mutations

You can wield a second weapon in your off-hand.
It takes a long time for you to wield or remove held weapons.
Your first few attacks do less damage.
You cannot equip rings or amulets.


Message History

An endoplasm comes into view.
A gnoll comes into view.
It is wielding a +1 flail of protection.
The endoplasm quivers.
The rat closely misses you.
You hit the rat but do no damage. x2; The rat bites you but does no damage.
You barely miss the rat with your +0 hand axe of chaos.
You hit the rat but do no damage. The rat barely misses you.
You hit the rat with your +0 hand axe of chaos.
You kill the rat!
You hit the endoplasm but do no damage.
You hit the endoplasm with your +0 dagger.
The endoplasm hits you but does no damage.
You hit the endoplasm with your +0 dagger.
The endoplasm is almost dead.
You hit the endoplasm with your +0 hand axe of chaos.
You kill the endoplasm!
You hit the gnoll but do no damage.
Xom's attention almost turns to you for a moment.
Nothing appears to happen...
Ominous!
The gnoll hits you with a +1 flail of protection.
You take 3 damage, and have 15/18 hp.
You hit the gnoll but do no damage.
The gnoll blinks!
No reachable target in view!
No reachable target in view!
No reachable target in view!
No reachable target in view!
You aren't carrying any potions.
You hit the gnoll but do no damage. x2
The gnoll hits you with a +1 flail of protection.
You take 2 damage, and have 14/18 hp.
You closely miss the gnoll with your +0 hand axe of chaos.
You barely miss the gnoll with your +0 dagger.
The gnoll barely misses you.
You closely miss the gnoll with your +0 hand axe of chaos.
You barely miss the gnoll with your +0 dagger.
The gnoll hits you with a +1 flail of protection.
The gnoll hits you with a +1 flail of protection!
Ouch! That really hurt!
You die...
Xom snickers! ........# .PPPPP..#

.PP.....##
P.....P..#
PPP......###
P...PPP....
PP...P...####
...PPP....g.# ####
......†..##@# #<.#
##......###.#
#..#### ########
#.# #'##... #.#
#..#.♣. #.#
##.'...
#.###########.####
#..........####≈≈≈
##########..###⌠..
#....####


You could see a gnoll.

Vanquished Creatures
  An endoplasm (D:1)
  A hobgoblin (D:1)
  A rat (D:1)
3 creatures vanquished.

Notes
Turn   | Place    | Note
-------+----------+-------------------------------------------
     0 | D:1      | ezpacito the Coglin Chaos Knight began the quest for the
                  | Orb.
     0 | D:1      | Reached XP level 1. HP: 18/18 MP: 1/1
    33 | D:1      | XOM: silly message
    68 | D:1      | XOM: silly message
    77 | D:1      | Slain by a gnoll

Illustrated notes

Levels and vault maps discovered:
D:1:      sevenhm_arrival_forest_fort_small_3, layout_loops_ring,
          hangedman_decor_slide_cut, nicolae_grassy_gnolls

Action                     || total
---------------------------++-------
  Melee: Hand axe          ||    13
         Dagger            ||    10
 Armour: Leather armour    ||     8
  Dodge: Dodged            ||     5

Table legend: (Time is in decaauts)
 A = Elapsed time spent in this place.
 B = Non-inter-level travel time spent in this place.
 C = Inter-level travel time spent in this place.
 D = Time resting spent in this place.
 E = Time spent auto-exploring this place.
 F = Levels seen in this place.
 G = Mean time per level.
                   A        B        C        D        E       F      G
               +--------+--------+--------+--------+--------+-----+--------+
         Total |     77 |     77 |      0 |      0 |     50 |   1 |   77.0 |
       Dungeon |     77 |     77 |      0 |      0 |     50 |   1 |   77.0 |
               +--------+--------+--------+--------+--------+-----+--------+

Top non-repeatable levels by time:
     D:1: 77 daAuts
